 Dungeon Crawl Stone Soup version 0.25-a0-942-g87a53962fc (webtiles) character file.

Game seed: 12522321217127410455, levelgen mode: deterministic

89 Flugslaktarn the Shield-Bearer (level 4, 0/40 HPs)
             Began as a Minotaur Fighter on May 7, 2020.
             Slain by an orc priest
             ... wielding a +0 mace
              (6 damage)
             ... on level 2 of the Dungeon.
             The game lasted 00:00:27 (907 turns).

Flugslaktarn the Shield-Bearer (Minotaur Fighter)    Turns: 907, Time: 00:00:28

Health: 0/40       AC:  7    Str: 22    XL:     4   Next: 31%
Magic:  3/3        EV:  7    Int:  5    God:
Gold:   56         SH:  9    Dex:  9    Spells: 3/3 levels left

rFire    . . .     SeeInvis .   a - +0 war axe
rCold    . . .     Gourm    .   c - +0 kite shield
rNeg     . . .     Faith    +   b - +0 scale mail
rPois    .         Spirit   .   (helmet restricted)
rElec    .         Reflect  .   (no cloak)
rCorr    .         Harm     .   (no gloves)
MR       .....                  (no boots)
Stlth    ..........             i - amulet of faith
HPRegen  0.13/turn              (no ring)
MPRegen  0.08/turn              (no ring)

@: mighty, flying
A: retaliatory headbutt, horns 2
a: no special abilities


You were on level 2 of the Dungeon.
You were not hungry.

You visited 1 branch of the dungeon, and saw 2 of its levels.

You collected 56 gold pieces.

Inventory:

Hand Weapons
 a - a +0 war axe (weapon)
Armour
 b - a +0 scale mail (worn)
 c - a +0 kite shield (worn)
Jewellery
 i - an amulet of faith (around neck)
   (You found it on level 1 of the Dungeon)
Scrolls
 g - a scroll of remove curse {unknown}
 h - a scroll of magic mapping {unknown}
Comestibles
 e - 2 rations
 j - a chunk of flesh


   Skills:
 + Level 4.2 Fighting
 * Level 4.0 Axes
 + Level 4.2 Armour
 + Level 4.2 Shields


You had 3 spell levels left.
You didn't know any spells.
Your spell library was empty.

Dungeon Overview and Level Annotations

Branches:
Dungeon (2/15)

Altars:


Innate Abilities, Weirdness & Mutations

You reflexively headbutt those who attack you in melee.
You have a pair of horns on your head.


Message History

You slash the orc priest!
The orc priest is almost dead.
An orc comes into view.
You block the orc priest's attack.
The orc priest calls upon Beogh to heal the orc priest.
The orc priest is healed somewhat.
You slash the orc priest!
You kill the orc priest!
Your Axes skill increases to level 4!
You have reached level 4!
You feel stronger.
The orc priest hits you but does no damage.
You closely miss the orc priest. Your headbutt misses the orc priest.
The orc priest hits you but does no damage.
Your shield prevents you from hitting the orc priest.
The orc priest hits you but does no damage.
You hit the orc priest.
The orc priest is moderately wounded.
The orc priest hits you with a +0 mace.
You die...

##.......##
##...<.## o.
##...## .#
##'##### o#
#.###.## o#
#.##.#.## .#
##...###.##
.#
######...##
##.###.#
..).....##
##)@oo#
#####....##
##.#####
#.....###.##
###.##.#)##
#.###..#
#......#
########


You could see an orc priest and an orc.

Vanquished Creatures
  An orc priest (D:2)
  An orc wizard (D:2)
  An adder (D:2)
  3 leopard geckos (D:1)
  An orc (D:2)
  2 bats (D:1)
  A giant cockroach (D:1)
  A goblin (D:2)
  2 hobgoblins (D:1)
  A frilled lizard (D:1)
  3 kobolds (D:1)
  5 rats (D:1)
22 creatures vanquished.

Notes
Turn   | Place    | Note
-------+----------+-------------------------------------------
     0 | D:1      | Flugslaktarn the Minotaur Fighter began the quest for the
                  | Orb.
     0 | D:1      | Reached XP level 1. HP: 19/19 MP: 0/0
   244 | D:1      | Reached XP level 2. HP: 24/27 MP: 1/1
   846 | D:2      | Reached XP level 3. HP: 33/33 MP: 2/2
   904 | D:2      | Reached XP level 4. HP: 5/40 MP: 3/3
   907 | D:2      | Slain by an orc priest

Levels and vault maps discovered:
D:1:      minmay_arrival_glassed_features, layout_basic
D:2:      layout_loops_corners, fedhas_altar_1, chequers_ecumenical_altar_grove

Skill      XL: |  1  2  3 |
---------------+----------+-----
Axes           | 3 4 |  4.0
Fighting       | 4 |  4.2
Armour         | 4 |  4.2
Shields        | 4 |  4.2

Action                   |  1- 3 |  4- 6 || total
-------------------------+-------+-------++-------
Melee: War axe           |    51 |     3 ||    54
       Headbutt          |     6 |       ||     6
  Use: Potion            |     2 |       ||     2
Armor: Scale mail        |    16 |     3 ||    19
Dodge: Dodged            |    17 |       ||    17
Block: Kite shield       |    26 |       ||    26

Table legend:
 A = Non-vault XP
 B = Vault XP
 C = Vault XP percentage of total XP
 D = Non-vault monster count
 E = Vault monster count
 F = Vault count percentage of total count
                 A         B        C        D         E       F
            +---------+---------+-------+---------+---------+-------
      Total |     128 |       0 |   0.0 |      22 |       0 |   0.0
            +---------+---------+-------+---------+---------+-------
        D:1 |      29 |       0 |   0.0 |      17 |       0 |   0.0
        D:2 |      99 |       0 |   0.0 |       5 |       0 |   0.0
            +---------+---------+-------+---------+---------+-------
